AoeStats
← eleven

Black Forest

509629554Analyzed
4v4 RM · 3d ago on Sep 27, 2026· 52m 40s· 8 players
Game mode
Random Map
Map size
Large (8 player)
Population
200
Speed
Normal
Resources
Standard
Victory
Conquest
Starting age
Dark Age
Ending age
Imperial Age
RankedLock teamsTeams togetherTeam positionsShared explorationLock speedFull tech treeHidden civsTurbo modeCheats
Victory
Defeat
🇨🇳 Mongols · China
1119
+8
🇨🇳 Turks · China
972
+13
🇩🇪 Saracens · Germany
942
+15
🇨🇳 Cumans · China
722
+23
🇨🇳 Inca · China
962
-17
🇫🇷 Burgundians · France
947
-16
🇺🇸 Franks · United States
875
-13
🇨🇳 Bohemians · China
865
-13
雨落
13:50 Feudal Age
19:17 Castle Age
17:46 Double-Bit Axe
20:26 Bow Saw
21:18 Fishing Lines
22:17 Horse Collar
23:41 Gillnets
27:44 Stone Mining
28:01 Heavy Plow
29:09 Wheelbarrow
30:21 Hand Cart
31:28 Gold Mining
31:49 Loom
31:52 Town Watch
35:06 Imperial Age
33:55 Gold Shaft Mining
33:55 Stone Shaft Mining
33:36 Padded Archer Armor
33:26 Fletching
34:00 Nomads
35:32 Ballistics
35:22 Thumb Ring
35:20 Husbandry
35:30 Bloodlines
35:53 Caravan
36:23 Coinage
36:20 Conscription
35:21 Elite Mangudai
36:26 Drill
36:22 Elite Mangudai
37:39 Town Patrol
37:09 Onager
39:10 Chemistry
38:16 Siege Engineers
38:22 Masonry
37:52 Elite Steppe Lancer
39:37 Drill
40:10 Murder Holes
41:50 Banking
41:04 Siege Onager
44:36 Drill
PoW I Erestor I
0:30 Loom
11:07 Feudal Age
16:07 Wheelbarrow
20:16 Castle Age
18:30 Stone Mining
19:56 Double-Bit Axe
20:44 Gold Mining
20:35 Horse Collar
27:10 Bow Saw
27:15 Heavy Plow
33:30 Imperial Age
32:27 Gold Shaft Mining
31:58 Husbandry
32:19 Caravan
33:35 Forging
33:31 Scale Barding Armor
35:11 Iron Casting
34:00 Elite Mameluke
35:09 Conscription
35:33 Iron Casting
35:20 Fortified Wall
37:10 Two-Man Saw
36:40 Chain Barding Armor
37:37 Bloodlines
38:31 Blast Furnace
38:07 Plate Barding Armor
38:34 Fishing Lines
40:19 Hand Cart
40:49 Masonry
41:33 Bimaristan
粮草征收人
2:04 Loom
14:45 Feudal Age
15:47 Double-Bit Axe
15:46 Horse Collar
24:49 Castle Age
24:23 Forging
24:27 Stone Mining
24:31 Gold Mining
25:23 Bloodlines
25:43 Bow Saw
25:44 Scale Barding Armor
26:51 Husbandry
27:44 Iron Casting
30:14 Chain Barding Armor
34:12 Heavy Plow
42:16 Imperial Age
43:10 Wheelbarrow
43:34 Conscription
44:23 Plate Barding Armor
44:50 Blast Furnace
43:53 Caravan
44:35 Ballistics
44:38 Cavalier
45:55 Fletching
46:06 Padded Archer Armor
46:29 Bombard Tower
48:01 Artillery
justjust
9:17 Loom
13:12 Feudal Age
16:51 Double-Bit Axe
17:05 Horse Collar
22:34 Wheelbarrow
24:21 Padded Archer Armor
24:31 Scale Barding Armor
24:29 Scale Mail Armor
24:41 Forging
27:23 Castle Age
29:06 Bloodlines
29:21 Chain Barding Armor
29:39 Iron Casting
29:22 Chain Mail Armor
29:42 Caravan
30:14 Coinage
30:11 Squires
29:32 Pikeman
32:31 Ballistics
33:59 Capped Ram
37:46 Imperial Age
35:35 Hand Cart
35:06 Town Watch
36:42 Steppe Husbandry
37:03 Town Patrol
39:02 Plate Barding Armor
39:30 Blast Furnace
39:47 Chemistry
40:00 Heavy Plow
40:16 Bow Saw
40:47 Elite Steppe Lancer
41:05 Cavalier
41:08 Light Cavalry
44:02 Elite Kipchak
44:49 Cuman Mercenaries
44:38 Paladin
51:08 Padded Archer Armor
50:59 Fletching
强强不怕困难
0:35 Loom
14:45 Feudal Age
20:38 Castle Age
20:20 Double-Bit Axe
20:24 Horse Collar
20:39 Stone Mining
20:45 Stone Mining
25:20 Bow Saw
29:02 Gold Mining
33:08 Imperial Age
31:14 Heavy Plow
33:03 Forging
32:54 Scale Mail Armor
34:45 Wheelbarrow
35:20 Iron Casting
35:01 Chain Mail Armor
35:55 Crop Rotation
35:44 Elite Kamayuk
36:57 Conscription
37:39 Gold Shaft Mining
38:25 Fabric Shields
40:27 Blast Furnace
39:57 Plate Mail Armor
40:22 Stone Shaft Mining
39:54 Town Watch
40:24 Hand Cart
41:21 Chemistry
42:44 Ballistics
46:41 Heavy Scorpion
49:13 Masonry
lavive3113
10:22 Feudal Age
9:09 Double-Bit Axe
9:31 Horse Collar
11:17 Bow Saw
12:00 Heavy Plow
16:34 Wheelbarrow
16:39 Gold Mining
18:07 Gold Shaft Mining
20:22 Castle Age
21:56 Crop Rotation
22:29 Two-Man Saw
22:26 Hand Cart
23:30 Stone Mining
24:46 Stone Shaft Mining
30:20 Imperial Age
27:41 Treadmill Crane
28:43 Masonry
28:45 Fletching
32:19 Chemistry
31:18 Bodkin Arrow
33:06 Murder Holes
33:14 Bracer
33:15 Padded Archer Armor
33:21 Scale Barding Armor
33:27 Forging
33:24 Town Watch
33:25 Loom
35:29 Burgundian Vineyards
36:46 Iron Casting
36:33 Chain Barding Armor
36:16 Husbandry
37:16 Pikeman
37:57 Squires
39:00 Elite Coustillier
40:59 Leather Archer Armor
43:15 Blast Furnace
42:15 Elite Skirmisher
42:15 Crossbowman
44:21 Halberdier
44:47 Arson
45:56 Conscription
46:45 Town Patrol
48:10 Architecture
47:31 Guard Tower
48:01 Ballistics
47:27 Arrowslits
eleven
10:50 Feudal Age
12:06 Wheelbarrow
11:21 Double-Bit Axe
20:35 Castle Age
21:38 Hand Cart
21:38 Bow Saw
24:52 Stone Mining
25:01 Gold Mining
25:22 Scale Barding Armor
25:29 Forging
28:03 Gold Shaft Mining
29:35 Chain Barding Armor
30:42 Ballistics
30:29 Pikeman
31:11 Squires
30:58 Arson
34:14 Light Cavalry
34:55 Husbandry
41:51 Iron Casting
41:13 Arson
44:37 Imperial Age
43:06 Caravan
43:36 Coinage
44:57 Halberdier
45:12 Cavalier
48:36 Plate Barding Armor
51:39 Onager
seven^^
11:21 Feudal Age
16:37 Castle Age
14:48 Double-Bit Axe
24:49 Sanctity
24:39 Fervor
32:41 Imperial Age
38:41 Horse Collar
39:37 Bow Saw
40:44 Chemistry
42:19 Wheelbarrow
41:50 Caravan
41:43 Houfnice
41:58 Pikeman
42:53 Forging
42:43 Scale Mail Armor
43:12 Halberdier
43:54 Squires
43:54 Arson
45:47 Siege Engineers
47:11 Iron Casting
46:52 Chain Mail Armor
48:40 Hand Cart
50:27 Heavy Plow
51:34 Two-Man Saw
52:15 Blast Furnace
51:45 Plate Mail Armor
Connection lost

Rejoining the realm…

Still unreachable

The connection could not be restored.

Session expired

The server has moved on; the page needs a fresh start.